 Dungeon Crawl Stone Soup version 0.18.1-48-g4cf74bf (webtiles) character file.

7192 emcmxci the Markself (level 10, -6/73 HPs)
             Began as a High Elf Hunter on Aug 1, 2016.
             Was a High Priest of Zin.
             Mangled by Snorg (17 damage)
             ... on level 11 of the Dungeon.
             The game lasted 00:58:58 (12753 turns).

emcmxci the Markself (High Elf Hunter)             Turns: 12753, Time: 00:58:58

Health: -6/73      AC:  8    Str: 12 (14) XL:     10   Next: 87%
Magic:  12/12      EV: 17    Int: 16      God:    Zin [*****.]
Gold:   323        SH:  0    Dex: 17 (19) Spells: 0 memorised, 11 levels left

rFire  . . .     SeeInvis .     a - +2 shortbow
rCold  . . .     Gourm    .     A - +2 robe of Ru's Wrath {rN+ Dex+3}
rNeg   + . .     Faith    .     (shield currently unavailable)
rPois  .         Spirit   .     J - +0 helmet
rElec  .         Dismiss  .     (no cloak)
rCorr  .         Reflect  .     Q - +0 pair of gloves
SustAt .         Harm     .     H - +0 pair of boots
MR     +....                    s - amulet of magic regeneration
Stlth  ++........               (no ring)
                                x - +1 ring of protection

@: short of breath, somewhat resistant to hostile enchantments, unstealthy
A: no striking features
a: Recite, Vitalisation, Imprison, Sanctuary, Donate Gold, Renounce Religion


You were on level 11 of the Dungeon.
You worshipped Zin.
Zin was extremely pleased with you.
You were not hungry.

You visited 3 branches of the dungeon, and saw 13 of its levels.
You also visited: Ice Cave.

You collected 578 gold pieces.
You spent 198 gold pieces at shops.
You donated 57 gold pieces to Zin.

Inventory:

Hand Weapons
 a - a +2 shortbow (weapon)
 e - a +0 falchion
 m - the +11 war axe "Beetlebane" {elec, rPois Int-5 Dex+2}
   (You found it on level 6 of the Dungeon)

   Occasionally, upon striking a foe, it will discharge some electrical energy
   and cause terrible harm.
   It affects your intelligence (-5).
   It affects your dexterity (+2).
   It protects you from poison.
 L - a +1 rapier of flaming
Missiles
 d - 121 arrows (quivered)
Armour
 c - a +2 leather armour of cold resistance
 h - a +1 robe of cold resistance
 A - the +2 robe of Ru's Wrath (worn) {rN+ Dex+3}
   (You found it on level 5 of the Dungeon)

   It affects your dexterity (+3).
   It protects you from negative energy.
 H - a +0 pair of boots (worn)
 J - a +0 helmet (worn)
 Q - a +0 pair of gloves (worn)
Jewellery
 s - an amulet of magic regeneration (around neck)
 x - a +1 ring of protection (left hand)
 C - an uncursed ring of see invisible
Wands
 t - a wand of disintegration (20/24)
 T - a wand of iceblast (11/15)
Scrolls
 g - 7 scrolls of identify
 i - 3 scrolls of magic mapping
 j - 4 scrolls of enchant weapon
 D - 5 scrolls of remove curse
Potions
 b - 2 potions of brilliance
 w - 2 potions of flight
 B - a potion of agility
Books
 v - a book of the Tempests

   Spells                             Type                      Level
   a - Static Discharge               Conjuration/Air              3
   b - Lightning Bolt                 Conjuration/Air              5
   c - Fireball                       Conjuration/Fire             5
   d - Tornado                        Air                          9
   e - Shatter                        Earth                        9
 F - a Fen Folio

   Spells                             Type                      Level
   a - Corpse Rot                     Necromancy                   2
   b - Stone Arrow                    Conjuration/Earth            3
   c - Leda's Liquefaction            Hexes/Earth                  4
   d - Summon Forest                  Summoning/Translocation      5
   e - Hydra Form                     Transmutation                6
   f - Summon Hydra                   Summoning                    7
Miscellaneous
 k - a disc of storms
Comestibles
 f - 4 bread rations
 r - 3 meat rations


   Skills:
 + Level 8.7 Fighting
 - Level 0.2(5.9) Short Blades
 * Level 9.4 Long Blades
 - Level 15.1 Bows
 - Level 7.0 Dodging
 - Level 1.1 Stealth
 - Level 1.0 Spellcasting


You had 11 spell levels left.
You didn't know any spells.

Dungeon Overview and Level Annotations

Branches:
Dungeon (12/15)            Temple (1/1) D:4             Orc (1/2) D:11
   Lair: D:8-11

Altars:
Ashenzari
Cheibriados
Dithmenos
Elyvilon
Fedhas
Gozag
Kikubaaqudgha
Makhleb
Nemelex Xobeh
Okawaru
Pakellas
Qazlal
Ru
Sif Muna
Trog
Vehumet
Yredelemnul
Zin
The Shining One

Shops:
D:5 =   Orc:1 !

Annotations:
D:11 Snorg


Message History

You are too injured to fight recklessly!
Firing (i - inventory):
d - 122 arrows (quivered)
Press: ? - help, Shift-Dir - straight line, f/p - Snorg
Aim: Snorg (moderately wounded, berserk, fast, unusually strong, dazed)
You shoot an arrow. The arrow barely misses Snorg.
Snorg is lost in a daze.
Firing (i - inventory):
d - 121 arrows (quivered)
Press: ? - help, Shift-Dir - straight line, f/p - Snorg
Aim: Snorg (moderately wounded, berserk, fast, unusually strong, dazed)
Okay, then.
Snorg is no longer dazed.
Snorg bites you!! Zin protects you from harm! Snorg barely misses you.
Snorg claws you.
* * * LOW HITPOINT WARNING * * *
You climb upwards.
There is a stone staircase leading down here.
Press: ? - help, v - describe, . - travel
Here: Snorg (moderately wounded, berserk, fast, unusually strong)
The floor.
Snorg bites you!
You die...

##.## ##............####.########
#..# ###.......#### #..### ..##
######### ##...# .## ###.## .#
#..# ## #######'## #######
#........# ......#
########........# ......#
####.@T...'.....[..###
......######....######........'..
......##.....#### #........##.
.........##### ############
......#### ......# #######


You could see Snorg (berserk).

Vanquished Creatures
  Pikel (D:6)
  Joseph (D:8)
  The ghost of archiater the Firebug, a novice OpFE of Sif Muna (D:4)
  A troll (D:11)
  2 steam dragons
  A hippogriff (D:7)
  2 orc warriors (D:11)
  2 ice beasts (D:7)
  4 phantoms
  A wasp (D:11)
  5 ogres
  6 centaurs
  3 big kobolds (D:7)
  4 giant frogs
  A gnoll sergeant (D:7)
  A wyvern skeleton (D:12)
  A scorpion (D:8)
  10 killer bees
  11 wights
  The ghost of emcmxci the Slasher, a weakling HESk of Zin (D:3)
  3 jellies
  5 crimson imps
  2 giant frog zombies
  A quasit (D:11)
  3 giant frog skeletons
  2 centaur skeletons
  A hound (D:5)
  4 orc priests
  10 orc wizards
  5 iguanas
  9 worker ants
  2 wolf simulacra (IceCv)
  A worker ant zombie (D:7)
  13 adders
  A howler monkey skeleton (D:8)
  5 shadow imps
  12 white imps (D:11)
  An ooze (D:2)
  An adder zombie (D:7)
  An adder skeleton (D:4)
  4 worms
  7 dart slugs
  3 giant geckos
  20 orcs
  7 bats
  6 giant cockroaches
  8 goblins
  13 hobgoblins
  11 jackals
  3 quokkas
  3 giant newts
  A jackal skeleton (D:7)
  25 kobolds
  4 rats
  A fungus (D:5)
257 creatures vanquished.

Vanquished Creatures (collateral kills)
  An ugly thing (D:11)
1 creature vanquished.

Vanquished Creatures (others)
  A crocodile (D:4)
  An orc wizard (D:6)
2 creatures vanquished.

Grand Total: 260 creatures vanquished

Notes
Turn   | Place    | Note
--------------------------------------------------------------
     0 | D:1      | emcmxci the High Elf Hunter began the quest for the Orb.
     0 | D:1      | Reached XP level 1. HP: 14/14 MP: 2/2
   138 | D:1      | Reached XP level 2. HP: 8/19 MP: 3/3
   659 | D:1      | Reached skill level 1 in Spellcasting
   682 | D:1      | Reached skill level 6 in Bows
  1066 | D:1      | Reached XP level 3. HP: 24/24 MP: 5/5
  1719 | D:2      | Reached XP level 4. HP: 22/29 MP: 6/6
  2650 | D:3      | Reached skill level 15 in Bows
  2650 | D:3      | Reached XP level 5. HP: 8/34 MP: 7/7
  3012 | D:3      | Noticed emcmxci's ghost (weakling HESk)
  3020 | D:3      | Killed emcmxci's ghost
  3020 | D:3      | Reached XP level 6. HP: 39/39 MP: 8/8
  3653 | D:4      | Noticed archiater's ghost (novice OpFE)
  3670 | D:4      | Killed archiater's ghost
  3670 | D:4      | Reached skill level 5 in Dodging
  3670 | D:4      | Reached XP level 7. HP: 24/46 MP: 9/9
  3911 | D:4      | Found a staircase to the Ecumenical Temple.
  3924 | Temple   | Entered the Ecumenical Temple
  3932 | Temple   | Became a worshipper of Zin the Law-Giver
  3932 | Temple   | Reached * piety under Zin
  4009 | D:4      | Got an encrusted war axe
  4153 | D:4      | Identified the +5 war axe of Animal Spirits {freeze, rElec Stlth+} (You found it on level 4 of the Dungeon)
  4307 | D:4      | Reached ** piety under Zin
  4473 | D:4      | Reached XP level 8. HP: 54/54 MP: 10/10
  4513 | D:4      | Found an oddly glowing altar of Pakellas.
  4513 | D:4      | Noticed an orange crystal statue
  4713 | D:5      | Entered Level 5 of the Dungeon
  4766 | D:5      | Reached skill level 1 in Long Blades
  4802 | D:5      | Got a warped robe
  4803 | D:5      | Identified the +2 robe of Ru's Wrath {rN+ Dex+3} (You found it on level 5 of the Dungeon)
  4830 | D:5      | Found Fogoliema's Jewellery Shop.
  4840 | D:5      | Bought a +1 ring of protection for 33 gold pieces
  4840 | D:5      | Bought an uncursed ring of see invisible for 165 gold pieces
  5454 | D:5      | Reached skill level 5 in Fighting
  6350 | D:6      | Found a bloodstained altar of Trog.
  6441 | D:6      | Reached XP level 9. HP: 61/61 MP: 11/11
  6481 | D:6      | Got a smoking war axe
  6482 | D:6      | Identified the +11 war axe "Beetlebane" {elec, rPois Int-5 Dex+2} (You found it on level 6 of the Dungeon)
  6492 | D:6      | Reached *** piety under Zin
  6831 | D:6      | Noticed Pikel
  6851 | D:6      | Killed Pikel
  6851 | D:6      | Reached skill level 5 in Long Blades
  7829 | D:7      | Reached **** piety under Zin
  8468 | D:8      | HP: 2/62 [killer bee (3)]
  8472 | D:7      | Zin protects you from harm!
  8588 | D:7      | Reached XP level 10. HP: 26/69 MP: 12/12
  9903 | D:8      | Reached ***** piety under Zin
 10039 | D:8      | Noticed Joseph
 10056 | D:8      | Killed Joseph
 10074 | D:8      | Found an iron altar of Okawaru.
 10074 | D:8      | Found a shadowy altar of Dithmenos.
 10075 | D:8      | Found a basalt altar of Yredelemnul.
 10569 | D:9      | You fall through a shaft for 2 floors!
 10741 | D:11     | Found a frozen archway.
 10778 | IceCv    | Entered an ice cave
 11217 | D:11     | Found a sparkling altar of Nemelex Xobeh.
 11284 | D:11     | Found a staircase to the Orcish Mines.
 12093 | D:12     | Noticed a brown ugly thing
 12114 | Orc:1    | Entered Level 1 of the Orcish Mines
 12114 | Orc:1    | Found Wuedacyry's Distillery.
 12296 | D:11     | Killed a brown ugly thing
 12632 | D:12     | Noticed Snorg
 12751 | D:12     | Zin protects you from harm!
 12753 | D:11     | Mangled by Snorg

Skill      XL: |  1  2  3  4  5  6  7  8  9 10 |
---------------+-------------------------------+-----
Spellcasting   | 1 |  1.0
Bows           | 6 15 | 15.1
Dodging        | 3 4 5 6 7 |  7.0
Fighting       | 3 4 5 6 8 |  8.7
Long Blades    | 4 7 9 |  9.4
Short Blades   | |  0.2
Stealth        | |  1.1

Action                   |  1- 3 |  4- 6 |  7- 9 | 10-12 || total
-------------------------+-------+-------+-------+-------++-------
Melee: Short sword       |   151 |   102 |    17 |       ||   270
       War axe           |       |       |     8 |       ||     8
 Fire: Shortbow          |    25 |    81 |   443 |   492 ||  1041
Invok: Recite            |       |       |       |     2 ||     2
Evoke: Disc of storms    |       |       |       |     1 ||     1
  Use: Potion            |       |     4 |     2 |     5 ||    11
       Scroll            |       |       |     4 |    16 ||    20
 Stab: Sleeping          |     1 |       |       |       ||     1
       Distracted        |       |       |     1 |       ||     1
  Eat: Chunk             |     3 |     6 |    11 |     4 ||    24
       Beef jerky        |       |       |     2 |       ||     2
       Fruit             |       |       |       |     4 ||     4
       Meat ration       |       |       |       |     1 ||     1
Armor: Leather armour    |    53 |    35 |     3 |       ||    91
       Robe              |       |       |    22 |    23 ||    45
       Skin              |       |       |     8 |       ||     8
Dodge: Dodged            |   109 |    95 |   139 |   124 ||   467
